 Dungeon Crawl Stone Soup version 0.19-a0-20-g1ce5f50 (webtiles) character file.

1171 Jeelzebub the Covert (level 8, 0/50 HPs)
             Began as an Octopode Assassin on Apr 30, 2016.
             Was an Initiate of Sif Muna.
             Succumbed to a soldier ant's poison
             ... on level 7 of the Dungeon.
             The game lasted 00:09:55 (6053 turns).

Jeelzebub the Covert (Octopode Assassin)            Turns: 6053, Time: 00:09:56

Health: 0/50       AC:  1    Str:  9 (11) XL:     8   Next: 41%
Magic:  26/26      EV: 12    Int: 14 (15) God:    Sif Muna [......]
Gold:   145        SH:  0    Dex: 11 (13) Spells: 0 memorised, 19 levels left

rFire  . . .     SeeInvis .     b - +0 blowgun
rCold  . . .     Gourm    .     (no shield)
rNeg   . . .     Faith    .     (helmet restricted)
rPois  .         Spirit   .     (no amulet)
rElec  .         Dismiss  .     h - ring of magical power {MP+9}
rCorr  .         Reflect  .     D - ring of flight {+Fly, !d}
SustAt .         Harm     .     (no ring)
MR     .....                    (no ring)
Stlth  +++++.....               (no ring)
                                (no ring)
                                (no ring)
                                (no ring)

@: lethally poisoned (0 -> -23), very slightly contaminated, hasted, very quick,
not resistant to hostile enchantments, quite stealthy
A: almost no armour, amphibious, 8 rings, constrict 8, camouflage 1, gelatinous
body 1
a: Renounce Religion, Evoke Flight


You were on level 7 of the Dungeon.
You worshipped Sif Muna.
Sif Muna was noncommittal.
You were not hungry.

You visited 2 branches of the dungeon, and saw 9 of its levels.

You collected 373 gold pieces.
You spent 228 gold pieces at shops.

Inventory:

Hand Weapons
 a - a +2 dagger
 b - a +0 blowgun (weapon)
 c - a +0 short sword of draining
   (You found it on level 3 of the Dungeon)
 t - a +0 flail of holy wrath
   (You took it off Edmund on level 4 of the Dungeon)
 u - a +2 quarterstaff of crushing
   (You found it on level 3 of the Dungeon)
Missiles
 v - 5 poisoned needles (quivered)
Jewellery
 h - a ring of magical power (left tentacle) {MP+9}
   (You found it on level 1 of the Dungeon)
 D - a ring of flight (right tentacle) {+Fly, !d}
   (You found it on level 7 of the Dungeon)
Wands
 z - a wand of hasting (2/9)
   (You found it on level 4 of the Dungeon)
Scrolls
 i - 4 scrolls of enchant weapon {unknown}
 j - 8 scrolls of remove curse
 m - 3 scrolls of fog {unknown}
 n - 2 scrolls of blinking {unknown}
 o - a scroll of immolation {unknown}
 p - 7 scrolls of identify
 q - 5 scrolls of teleportation
 s - 2 scrolls of amnesia {unknown}
 w - 2 scrolls of random uselessness {unknown}
 y - 2 scrolls of recharging {unknown}
 F - a scroll of enchant armour {unknown}
Potions
 e - a potion of haste
Comestibles
 f - 6 bread rations {@e1}
 g - a slice of pizza
 k - 5 meat rations {@e2}
 l - a chunk of flesh {@w0}
 r - a royal jelly
 A - 5 fruits


   Skills:
 - Level 2.1 Fighting
 - Level 2.2 Short Blades
 - Level 5.2 Throwing
 - Level 1.3 Dodging
 - Level 8.0 Stealth
 + Level 6.3 Spellcasting


You had 19 spell levels left.
You didn't know any spells.

Dungeon Overview and Level Annotations

Branches:
Dungeon (8/15)             Temple (1/1) D:7
   Lair: D:8-11

Altars:
Ashenzari
Cheibriados
Dithmenos
Elyvilon
Fedhas
Gozag
Nemelex Xobeh
Okawaru
Qazlal
Ru
Sif Muna
Vehumet
Xom
Yredelemnul
Zin
The Shining One

Shops:
D:5 *   D:7 *

Annotations:
D:2 exclusion: Jessica
D:6 Jeelzebub's ghost, novice OpAs


Innate Abilities, Weirdness & Mutations

You cannot wear most types of armour.
You are amphibious.
You can wear up to eight rings at the same time.
You can use your tentacles to constrict eight enemies at once.
Your skin changes colour to match your surroundings (Stealth).
Your rubbery body absorbs attacks (AC +1).


Message History

You see here a dagger.
You start resting.
You feel a little less mighty now.
You regained 2 hp, and now have 7/50 hp.
You start resting.
Your magical contamination has completely faded away.
You regained 3 hp, and now have 10/50 hp.
You start resting.
All of the chunks of flesh in your inventory have rotted away.
An adder comes into view.
You regained 19 hp, and now have 29/50 hp.
An adder is nearby!
An adder is nearby!
You are too injured to fight recklessly!
You are too injured to fight recklessly!
You are too injured to fight recklessly!
There is an open door here.
You hit the adder. Your grab misses the adder. The adder closely misses you.
The adder barely misses you.
You closely miss the adder. You grab the adder. You constrict the adder.
The adder bites you. x2
You take 3 damage, and have 27/50 hp.
You hit the adder. You constrict the adder.
You kill the adder!
You see here an adder corpse.
You butcher the adder corpse.
l - 2 chunks of flesh {@w0}
There is an entrance to Maweh's General Store here.
You start resting.
Eating one of 2 chunks of flesh {@w0}.
You continue eating. x2
Health restored: 50
There is a stone staircase leading down here.
You climb downwards.
There is a stone staircase leading up here.
Your +0 flail of holy wrath stops glowing.
a - a +2 dagger (weapon)
A soldier ant comes into view.
A soldier ant is nearby!
A soldier ant is nearby!
A soldier ant is nearby!
Here: a soldier ant (resting)
The floor.
The soldier ant twitches its antennae in your direction.
The soldier ant stings you.
You take 3 damage, and have 47/50 hp.
There is a stone staircase leading up here.
The soldier ant stings you!
You climb upwards.
There is a stone staircase leading down here.
You take 6 damage, and have 42/50 hp.
b - a +0 blowgun (weapon)
The soldier ant stings you!
You take 11 damage, and have 31/50 hp.
MASSIVE DAMAGE!!
Aim: a soldier ant You shoot a curare-tipped needle.
The curare-tipped needle closely misses the soldier ant.
The soldier ant stings you!
You are poisoned.
The soldier ant poisons you!
You take 11 damage, and have 20/50 hp.
MASSIVE DAMAGE!!
Drink which item? (? for menu, Esc to quit)
Okay, then.
You feel yourself speed up.
You are very lightly contaminated with residual magic.
This wand has 2 charges left.
You feel sick. The soldier ant stings you.
* * * LOW HITPOINT WARNING * * *
You are more poisoned.
The soldier ant poisons you!
You take 6 damage, and have 14/50 hp.
* * * LOW HITPOINT WARNING * * *
You feel sick.
You take 2 damage, and have 12/50 hp.
* * * LOW HITPOINT WARNING * * *
You feel sick.
You take 2 damage, and have 10/50 hp.
Drink which item? (? for menu, Esc to quit)
Okay, then.
* * * LOW HITPOINT WARNING * * *
You feel sick.
You take 2 damage, and have 8/50 hp.
* * * LOW HITPOINT WARNING * * *
You feel sick.
* * * LOW HITPOINT WARNING * * *
You feel sick.
You take 2 damage, and have 6/50 hp.
* * * LOW HITPOINT WARNING * * *
You feel sick.
You take 1 damage, and have 5/50 hp.
* * * LOW HITPOINT WARNING * * *
You feel sick.
You take 2 damage, and have 3/50 hp.
* * * LOW HITPOINT WARNING * * *
You feel sick.
The soldier ant waves its antennae.
You take 1 damage, and have 2/50 hp.
You open the door.
You die...

#.# #################
#.# #...............#
#.# ###############.#
#.# #.# #.# ###'####.#
#####........#
#########............#
#.......'@...a.......#
##.######........>...#
#.# #............#####
#.# #####........'....
#.# #........##### #.#
#.......∩..... #.#
#..).......... #.#
#######....... #.#
#.....(.


You could see a soldier ant.

Vanquished Creatures
  Menkaure (D:4)
  Duvessa (D:4)
  Edmund (D:4)
  A sky beast (D:5)
  An ogre (D:3)
  A centaur (D:7)
  Dowan (D:4)
  A scorpion (D:4)
  A howler monkey (D:7)
  A giant frog skeleton (D:5)
  2 jellies
  An orc wizard (D:7)
  An orc priest (D:6)
  3 iguanas
  Jessica (D:2)
  A hound zombie (D:5)
  7 adders
  4 gnolls
  3 worms
  A dart slug (D:4)
  8 orcs
  3 ball pythons
  3 bats (D:1)
  7 giant cockroaches
  6 goblins
  3 hobgoblins
  6 jackals
  2 kobolds
  3 quokkas
  5 giant newts
  4 rats
84 creatures vanquished.

Vanquished Creatures (others)
  A gnoll sergeant (D:7)
  5 gnolls (D:7)
  An adder (D:7)
  2 jackals (D:7)
9 creatures vanquished.

Grand Total: 93 creatures vanquished

Notes
Turn   | Place    | Note
--------------------------------------------------------------
     0 | D:1      | Jeelzebub the Octopode Assassin began the quest for the Orb.
     0 | D:1      | Reached XP level 1. HP: 14/14 MP: 1/1
    68 | D:1      | Reached XP level 2. HP: 19/19 MP: 1/2
   412 | D:1      | Found a sparkling altar of Nemelex Xobeh.
   577 | D:1      | Reached skill level 6 in Stealth
   725 | D:2      | Reached XP level 3. HP: 24/24 MP: 3/3
  1015 | D:2      | Noticed Jessica
  1053 | D:2      | Reached skill level 7 in Stealth
  1053 | D:2      | Reached XP level 4. HP: 19/29 MP: 4/4
  1418 | D:2      | Killed Jessica
  1418 | D:2      | Reached skill level 8 in Stealth
  1418 | D:2      | Reached XP level 5. HP: 13/34 MP: 5/5
  1848 | D:2      | You fall through a shaft!
  1854 | D:3      | Found an opulent altar of Gozag.
  1855 | D:3      | Found a snail-covered altar of Cheibriados.
  2163 | D:3      | Noticed an ogre
  2178 | D:3      | Killed an ogre
  2178 | D:3      | Reached skill level 3 in Throwing
  2539 | D:3      | Reached XP level 6. HP: 25/39 MP: 6/6
  2613 | D:4      | Noticed Duvessa
  2617 | D:4      | Noticed Dowan
  2622 | D:4      | Killed Duvessa
  2622 | D:4      | Reached skill level 4 in Throwing
  2632 | D:4      | Killed Dowan
  2632 | D:4      | Reached skill level 5 in Throwing
  2913 | D:4      | Noticed Edmund
  2940 | D:4      | Killed Edmund
  2940 | D:4      | Reached skill level 2 in Spellcasting
  2940 | D:4      | Reached XP level 7. HP: 40/45 MP: 10/10
  3298 | D:4      | Reached skill level 3 in Spellcasting
  3324 | D:4      | Noticed Menkaure
  3330 | D:4      | Killed Menkaure
  3433 | D:4      | Reached skill level 4 in Spellcasting
  3596 | D:5      | Entered Level 5 of the Dungeon
  3695 | D:5      | Found Hiuwno's Assorted Antiques.
  3890 | D:5      | Reached skill level 5 in Spellcasting
  3890 | D:5      | Reached XP level 8. HP: 27/50 MP: 15/15
  4309 | D:7      | Found Maweh's General Store.
  4322 | D:7      | Bought a scroll of identify for 24 gold pieces
  4322 | D:7      | Bought a scroll of remove curse for 36 gold pieces
  4322 | D:7      | Bought 3 scrolls of teleportation for 108 gold pieces
  4322 | D:7      | Bought a potion of heal wounds for 60 gold pieces
  4424 | D:7      | Reached skill level 6 in Spellcasting
  4426 | D:7      | Found a deep blue altar of Sif Muna.
  4436 | D:7      | Became a worshipper of Sif Muna the Loreminder
  4632 | D:7      | Found a staircase to the Ecumenical Temple.
  5027 | Temple   | Entered the Ecumenical Temple
  5657 | D:6      | Noticed Jeelzebub's ghost (novice OpAs)
  5674 | D:6      | HP: 12/50 [Jeelzebub's ghost (15)]
  5700 | D:6      | HP: 1/50 [Jeelzebub's ghost (20)]
  5710 | D:6      | Found a white marble altar of Elyvilon.
  6045 | D:7      | HP: 12/50 [poisoned by a soldier ant]
  6050 | D:7      | HP: 5/50 [poisoned by a soldier ant]
  6052 | D:7      | HP: 2/50 [poisoned by a soldier ant]
  6053 | D:7      | Succumbed to a soldier ant's poison

Vault maps used:
D:1:      lemuel_arrival_lava_pool, nemelex_xobeh_ov_fountains_minmay
D:2:      serial_aquarium, aquarium_bridge_square, aquarium_window_fake,
          aquarium_window_double, aquarium_window_2, aquarium_window_corridor_2,
          aquarium_view_2c, aquarium_view_2d, aquarium_balcony_3a,
          aquarium_pool_split, uniq_jessica
D:3:      grunt_temple_overflow_open, first_bread
D:4:      uniq_edmund, uniq_duvessa, uniq_menkaure
D:5:      serial_shops, shop, uniq_sigmund
D:6:      lemuel_castle_with_subvaults, nicolae_overflow_crystal_walls,
          lemuel_doored_altar, serial_glass, glass_columns_b, glass_columns_b,
          kennysheep_path_1
D:7:      tgw_sif, lemuel_temple_firewalk_marked, serial_shops, shop
D:8:      david_lair_generic
Temple:   eino_temple_water_12

Skill      XL: |  1  2  3  4  5  6  7  8 |
---------------+-------------------------+-----
Stealth        | 6 7 8 |  8.0
Throwing       | 3 5 |  5.2
Spellcasting   | 2 5 6 |  6.3
Fighting       | |  2.1
Short Blades   | |  2.2
Dodging        | |  1.3

Action                   |  1- 3 |  4- 6 |  7- 9 || total
-------------------------+-------+-------+-------++-------
Melee: Dagger            |    36 |    56 |    63 ||   155
       Constrict         |     5 |    15 |    14 ||    34
       Tentacles         |     1 |     6 |    10 ||    17
       Flail             |       |       |    10 ||    10
 Fire: Blowgun           |     4 |    39 |    12 ||    55
Evoke: Wand              |       |       |     1 ||     1
  Use: Potion            |       |       |    10 ||    10
       Scroll            |       |       |     1 ||     1
 Stab: Sleeping          |    17 |    12 |    12 ||    41
  Eat: Chunk             |       |     6 |     5 ||    11
       Meat ration       |       |       |     1 ||     1
Armor: Skin              |     1 |     1 |     5 ||     7
Dodge: Dodged            |    12 |    20 |    32 ||    64

Vault maps used:
D:1:      lemuel_arrival_lava_pool, nemelex_xobeh_ov_fountains_minmay
D:2:      serial_aquarium, aquarium_bridge_square, aquarium_window_fake,
          aquarium_window_double, aquarium_window_2, aquarium_window_corridor_2,
          aquarium_view_2c, aquarium_view_2d, aquarium_balcony_3a,
          aquarium_pool_split, uniq_jessica
D:3:      grunt_temple_overflow_open, first_bread
D:4:      uniq_edmund, uniq_duvessa, uniq_menkaure
D:5:      serial_shops, shop, uniq_sigmund
D:6:      lemuel_castle_with_subvaults, nicolae_overflow_crystal_walls,
          lemuel_doored_altar, serial_glass, glass_columns_b, glass_columns_b,
          kennysheep_path_1
D:7:      tgw_sif, lemuel_temple_firewalk_marked, serial_shops, shop
D:8:      david_lair_generic
Temple:   eino_temple_water_12

Table legend:
 A = Turns spent in this place as a percentage of turns spent in the entire game.
 B = Non-inter-level travel turns spent in this place as a percentage of non-inter-level travel turns spent in the entire game.
 C = Inter-level travel turns spent in this place as a percentage of turns spent in this place.
 D = Turns resting spent in this place as a percentage of non-inter-level travel turns spent in this place.
 E = Turns spent auto-exploring this place as a percentage of non-inter-level travel turns spent in this place.
 F = Non-inter-level travel turns spent in this place divided by the number of levels of this place that you've seen.
                   A       B       C       D       E      F
               +-------+-------+-------+-------+-------+----------------------
         Total | 100.0 | 100.0 |   0.3 |   3.1 |  11.5 | 160.1
       Dungeon |  96.7 |  96.7 |   0.4 |   3.2 |  10.7 | 174.2
        Temple |   3.3 |   3.3 |   0.0 |   0.0 |  36.2 |  47.0
               +-------+-------+-------+-------+-------+----------------------

Table legend:
 A = Kills in this place as a percentage of kills in entire the game.
 B = Kills by you in this place as a percentage of kills by you in the entire game.
 C = Kills by friends in this place as a percentage of kills by friends in the entire game.
 D = Other kills in this place as a percentage of other kills in the entire game.
 E = Experience gained in this place as a percentage of experience gained in the entire game.
 F = Experience gained in this place divided by the number of levels of this place that you have seen.
                   A       B       C       D       E      F
               +-------+-------+-------+-------+-------+----------------------
         Total | 100.0 | 100.0 |  -nan |  -nan | 100.0 | 185.9
       Dungeon | 100.0 | 100.0 |  -nan |  -nan | 100.0 | 209.1
               +-------+-------+-------+-------+-------+----------------------
